 Dungeon Crawl Stone Soup version 0.23.2-40-g277498a001 (webtiles) character file.

Game seed: 3104226708199941150

79 DenSaoPin the Skirmisher (level 4, -2/35 HPs)
             Began as a Demonspawn Warper on Oct 2, 2019.
             Slain by a worm (7 damage)
             ... on level 2 of the Dungeon.
             The game lasted 00:09:20 (3011 turns).

DenSaoPin the Skirmisher (Demonspawn Warper)        Turns: 3011, Time: 00:09:21

Health: -2/35      AC:  3    Str: 12    XL:     4   Next: 16%
Magic:  7/7        EV: 12    Int: 14    God:
Gold:   46         SH:  0    Dex: 13    Spells: 7/7 levels left

rFire    . . .     SeeInvis +   a - +0 short sword
rCold    . . .     Gourm    .   (no shield)
rNeg     . . .     Faith    .   b - +0 leather armour
rPois    .         Spirit   .   (helmet restricted)
rElec    .         Reflect  .   (no cloak)
rCorr    .         Harm     .   (no gloves)
MR       .....                  (no boots)
Stlth    +.........             (no amulet)
HPRegen  0.11/turn              g - ring of see invisible
MPRegen  0.10/turn              (no ring)

@: lethally poisoned (-2 -> -5)
A: antennae 1, powered by death 1
a: no special abilities


You were on level 2 of the Dungeon.
You were very hungry.

You visited 1 branch of the dungeon, and saw 2 of its levels.

You collected 46 gold pieces.

Inventory:

Hand Weapons
 a - a +0 short sword (weapon)
 p - a +0 long sword
Missiles
 e - 5 tomahawks of dispersal (quivered)
 i - 5 tomahawks
Armour
 b - a +0 leather armour (worn)
Jewellery
 g - a ring of see invisible (left hand)
Scrolls
 c - 3 scrolls of teleportation {unknown}
 d - a scroll of blinking
 h - 2 scrolls of fear {unknown}
 j - a scroll of identify {unknown}
 m - a scroll of amnesia {unknown}
 n - a scroll of magic mapping {unknown}
Potions
 k - a potion of brilliance {unknown}
 l - a potion of agility {unknown}
 o - 2 potions of degeneration {unknown}
Comestibles
 f - 2 rations


   Skills:
 + Level 3.2 Fighting
 + Level 2.9 Short Blades
 - Level 0.8 Throwing
 - Level 1.0 Armour
 - Level 2.2 Dodging
 - Level 2.0 Spellcasting
   Level 2.6 Translocations


You had 7 spell levels left.
You didn't know any spells.
Your spell library contained the following spells:

 Spells                   Type           Power        Failure   Level  Hunger
 Blink                    Tloc           N/A          16%         2    ###....
 Shroud of Golubria       Chrm/Tloc      #.........   26%         2    ###....
 Gell's Gravitas          Tloc           #.........   30%         3    ####...
 Lesser Beckoning         Tloc           #.........   30%         3    ####...
 Teleport Other           Tloc           #.......     30%         3    ####...
 Passage of Golubria      Tloc           N/A          69%         4    #####..


Dungeon Overview and Level Annotations

Branches:
Dungeon (2/15)

Altars:
Nemelex Xobeh


Innate Abilities, Weirdness & Mutations

You have a pair of small antennae on your head.
You regenerate a little health from kills.


Message History

You feel sick. The worm bites you.
You hit the worm.
The worm is heavily wounded.
The worm misses you.
You hit the worm.
The worm is severely wounded.
You hit the worm.
The worm is severely wounded.
The worm barely misses you.
You hit the worm but do no damage.
The worm is severely wounded.
You feel sick.
You hit the worm but do no damage.
The worm is severely wounded.
The worm bites you!
* * * LOW HITPOINT WARNING * * *
You barely miss the worm.
The worm is severely wounded.
The worm bites you!
You die...

.# ## # . .# #.# # #. .#
###.###.#% # . #.....
...##[ ##.#.######(#.##
.# ###...... ...#.⌠.# .
###....#.# #.###.# .
.........####.#.@## .#
###............w..##.#
###...#.###.#...#....#..#
......#.###.#.#.........#
##....#.##....(...#####.#
............#.#........#
##..#.#.###.#.#........#
##.....................#
##............##.......#


You could see a worm.

Vanquished Creatures
  4 adders (D:2)
  An ooze (D:2)
  A dart slug (D:2)
  9 bats
  4 goblins
  4 hobgoblins (D:1)
  2 jackals (D:2)
  A ball python (D:1)
  A frilled lizard (D:2)
  5 kobolds
  7 rats
39 creatures vanquished.

Notes
Turn   | Place    | Note
-------+----------+-------------------------------------------
     0 | D:1      | DenSaoPin the Demonspawn Warper began the quest for the
                  | Orb.
     0 | D:1      | Reached XP level 1. HP: 16/16 MP: 3/3
    31 | D:1      | Found a sparkling altar of Nemelex Xobeh.
    88 | D:1      | Reached skill level 1 in Armour
   307 | D:1      | Gained mutation: You regenerate a little health from kills.
                  | [demonic ancestry]
   307 | D:1      | Reached XP level 2. HP: 22/22 MP: 5/5
  1106 | D:2      | Reached XP level 3. HP: 17/28 MP: 6/6
  2343 | D:2      | Reached skill level 3 in Fighting
  2509 | D:2      | Gained mutation: You have a pair of small antennae on your
                  | head. [demonic ancestry]
  2509 | D:2      | Reached XP level 4. HP: 13/35 MP: 7/7
  3011 | D:2      | Slain by a worm

Skill      XL: |  1  2  3 |
---------------+----------+-----
Armour         | 1 |  1.0
Dodging        | 2 |  2.2
Short Blades   | 2 |  2.9
Fighting       | 3 |  3.2
Throwing       | |  0.8
Spellcasting   | |  2.0
Translocations | |  2.6

Action                   |  1- 3 |  4- 6 || total
-------------------------+-------+-------++-------
Melee: Short sword       |   168 |    24 ||   192
 Stab: Sleeping          |     1 |       ||     1
  Eat: Chunk             |     2 |       ||     2
       Ration            |     1 |       ||     1
Armor: Leather armour    |    48 |     3 ||    51
Dodge: Dodged            |   144 |    10 ||   154
